 Dungeon Crawl Stone Soup version 0.27.1 (webtiles) character file.

Game seed: 674010301993879068

2622 H0rd4k the Summoner (level 9, -1/88 HPs)
             Began as a Barachi Summoner on Aug 25, 2021.
             Succumbed to an orc wizard's poison
             ... on level 9 of the Dungeon.
             The game lasted 00:28:27 (15028 turns).

H0rd4k the Summoner (Barachi Summoner)             Turns: 15028, Time: 00:28:27

Health: -1/88      AC: 24    Str: 10    XL:     9   Next: 60%
Magic:  1/30       EV:  2    Int: 15    God:
Gold:   518        SH:  0    Dex: 12    Spells: 18/25 levels left

rFire    . . .     SeeInvis +   D - +10 dagger of Viniush {vorpal, +Blink rN+ Int-4}
rCold    . . .     Faith    .   (no shield)
rNeg     + + +     Spirit   +   (armour currently unavailable)
rPois    +         Reflect  .   (helmet currently unavailable)
rElec    .         Harm     .   (cloak currently unavailable)
rCorr    .         Rampage  .   (gloves currently unavailable)
Will     .....     NoTele   +   (boots currently unavailable)
Stlth    ++........             m - amulet of guardian spirit
HPRegen  0.24/turn              j - ring of see invisible
MPRegen  0.22/turn              u - ring of magical power

@: lethally poisoned (-1 -> -14), tree-form, unable to hop
A: stationary, stasis, torment immunity, boosted hp, (amphibious), (slowness 1),
(strong legs 1), +LOS
a: Evoke Blink


You were on level 9 of the Dungeon.
You were a tree.
You visited 2 branches of the dungeon, and saw 10 of its levels.

You collected 518 gold pieces.

Inventory:

Hand Weapons
 D - the +10 dagger of Viniush (weapon) {vorpal, +Blink rN+ Int-4}
   (You took it off an orc on level 9 of the Dungeon)

   It inflicts extra damage upon your enemies.
   Int:       It affects your intelligence (-4).
   rN:        It protects you from negative energy.
   +Blink:    It lets you blink.
Missiles
 l - 23 poisoned darts
 z - 8 curare-tipped darts
Armour
 a - a +0 robe (melded)
Magical Staves
 q - a staff of poison
 t - a staff of fire
Jewellery
 j - a ring of see invisible (left branch)
 m - an amulet of guardian spirit (around neck)
 u - a ring of magical power (right branch)
 w - an amulet of regeneration
 C - a ring of resist corrosion
Wands
 o - a wand of flame (25)
 v - a wand of charming (10)
 y - a wand of mindburst (11)
Scrolls
 b - a scroll of immolation
 c - 4 scrolls of identify
 e - 2 scrolls of noise
 h - 4 scrolls of magic mapping
 p - 3 scrolls of teleportation
 x - 4 scrolls of amnesia {unknown}
 B - a scroll of fog {unknown}
Potions
 d - 2 potions of attraction {unknown}
 f - 3 potions of resistance
 i - a potion of lignification
 k - a potion of degeneration {unknown}
 n - a potion of invisibility {unknown}
 r - a potion of cancellation {unknown}
 s - 6 potions of mutation
 A - a potion of flight {unknown}


   Skills:
 + Level 1.3 Fighting
 + Level 0.1 Short Blades
 + Level 2.4 Dodging
 - Level 1.7 Stealth
 * Level 8.6 Spellcasting
 * Level 11.3 Summonings
 * Level 4.3 Ice Magic
 + Level 0.1 Evocations


You had 18 spell levels left.
You knew the following spells:

 Your Spells              Type           Power      Damage    Failure   Level
a - Summon Small Mammal   Summ           100%       N/A       1%          1
b - Call Canine Familiar  Summ           40%        N/A       1%          3
c - Ozocubu's Armour      Ice            19%        N/A       5%          3

Your spell library contained the following spells:

 Spells                   Type           Power      Damage    Failure   Level
 Call Imp                 Summ           40%        N/A       1%          2
 Summon Guardian Golem    Hex/Summ       23%        N/A       3%          3
 Summon Lightning Spire   Summ/Air       23%        N/A       11%         4
 Animate Skeleton         Necr           12%        N/A       12%         1
 Pain                     Necr           24%        1d5       12%         1
 Shock                    Conj/Air       24%        1d4       12%         1
 Swiftness                Air            6%         N/A       34%         3
 Vampiric Draining        Necr           3%         2d6       34%         3
 Airstrike                Air            3%         N/A       75%         4
 Leda's Liquefaction      Hex/Erth       3%         N/A       75%         4
 Agony                    Necr           6%         N/A       97%         5
 Bolt of Magma            Conj/Fire/Erth 3%         4d5       97%         5
 Excruciating Wounds      Necr           3%         N/A       97%         5
 Statue Form              Tmut/Erth      4%         N/A       100%        6
 Ozocubu's Refrigeration  Ice            9%         4d6       100%        7


Dungeon Overview and Level Annotations

Branches:
Dungeon (9/15)             Temple (1/1) D:5
   Lair: D:8-11         Orc: D:9-12

Altars:
Ashenzari
Cheibriados
Dithmenos
Elyvilon
Fedhas
Gozag
Hepliaklqana
Kikubaaqudgha
Makhleb
Nemelex Xobeh
Okawaru
Ru
Sif Muna
Trog
Uskayaw
Vehumet
Wu Jian
Xom
Yredelemnul
Zin
The Shining One
Jiyva

Shops:
D:8 !

Annotations:
D:4 Eustachio
D:5 exclusion: downstairs
D:6 3 runed translucent doors, exclusions: deep elf pyromancer and 3 doors, flestrin's ghost, novice GnWz
D:7 exclusion: downstairs
D:9 2 transporters


Innate Abilities, Weirdness & Mutations

You are a tree.
Your roots penetrate the ground, keeping you stationary.
You cannot be teleported.
You are immune to unholy pain and torment.
Your maximum health is greatly increased.
Your equipment is partially melded.
((You are amphibious.))
((You cover ground slowly.))
((You can hop short distances.))
You have an extended range of vision and can be seen from far away.


Message History

* * * LOW HITPOINT WARNING * * *
You fail to use your ability.
The killer bee completely misses you.
The killer bee stings you but does no damage.
Aiming: Charm
Press: ? - help, Shift-Dir - straight line, f - killer bee
Aim: a killer bee (chance to affect: 54%)
The killer bee resists with significant effort.
The killer bee barely misses you. The killer bee stings you!
* * * LOW HITPOINT WARNING * * *
Unknown command.
Aiming: Charm
Press: ? - help, Shift-Dir - straight line, f/p - killer bee
Aim: a killer bee (chance to affect: 54%)
The killer bee resists with significant effort.
The killer bee stings you.
* * * LOW HITPOINT WARNING * * *
The killer bee stings you.
* * * LOW HITPOINT WARNING * * *
You feel better. The killer bee stings you.
* * * LOW HITPOINT WARNING * * *
The killer bee barely misses you.
Unknown command.
Hop to where?
Press: ? - help, Dir - move target, p - killer bee Boing!
The orc wizard hits you with a +2 hand axe of venom!
* * * LOW HITPOINT WARNING * * *
You are lethally poisoned!
Okay, then.
Unknown command.
Really quaff the potion of lignification?
You turn into a tree.
Your +0 robe melds into your body.
Your roots penetrate the ground.
* * * LOW HITPOINT WARNING * * *
You feel sick.
The orc wizard hits you but does no damage.
You are more poisoned.
You hit the orc wizard.
The orc wizard is heavily wounded.
You die...

#.............)#.###o###
##...............##.hb..
#...............##<.###
#############..###..#
#.[# #..# #..###..#
#..o....#
#############.###.##
#.°yo♣........#*#.#*
#.#############*...**
#.* *********,###.* #.*
*,,,,,,,,,* *.# #.*
*,*******,***,# #.* *,*
**,,,** #.*****,* *****
#.,,,,,,* ##*******


You could see a killer bee and an orc wizard (invisible).

Vanquished Creatures
  A hornet (D:9)
  Sigmund (D:5)
  An orc warrior (D:8)
  A centaur (D:9)
  A wight (D:8)
  2 killer bees (D:9)
  A gnoll (D:4)
  An adder (D:2)
  2 orcs
  A hobgoblin (D:4)
  A bat (D:1)
13 creatures vanquished.

Vanquished Creatures (collateral kills)
  A cyclops (D:9)
  A wyvern (D:7)
  4 yaks (D:8)
  A wraith (D:9)
  3 water moccasins
  2 necrophages
  2 orc warriors (D:9)
  An ice beast (D:6)
  A black bear (D:6)
  2 sky beasts (D:7)
  An ogre (D:5)
  A gnoll sergeant (D:7)
  A wyvern zombie (D:7)
  3 scorpions
  A water moccasin zombie (D:5)
  7 wights (D:8)
  2 hounds
  3 jellies
  2 bullfrog skeletons
  5 orc priests
  Natasha (thrice) (D:2)
  5 iguanas
  2 orc wizards (D:9)
  A hound zombie (D:5)
  17 gnolls
  4 adders
  A white imp (D:6)
  2 adder skeletons
  3 worms
  4 dart slugs
  21 orcs
  4 ball pythons
  6 endoplasms
  3 giant cockroaches
  27 goblins
  10 hobgoblins
  4 jackals (D:1)
  7 bats
  A frilled lizard (D:3)
  6 kobolds
  5 rats
180 creatures vanquished.

Grand Total: 193 creatures vanquished

Notes
Turn   | Place    | Note
-------+----------+-------------------------------------------
     0 | D:1      | H0rd4k the Barachi Summoner began the quest for the Orb.
     0 | D:1      | Reached XP level 1. HP: 13/13 MP: 3/3
   115 | D:1      | Reached skill level 5 in Summonings
   416 | D:1      | Found a faded altar of an unknown god.
   549 | D:1      | Reached XP level 2. HP: 19/19 MP: 1/5
  1638 | D:2      | Reached XP level 3. HP: 24/24 MP: 2/6
  1642 | D:2      | Learned a level 3 spell: Call Canine Familiar
  1647 | D:2      | Learned a level 3 spell: Ozocubu's Armour
  1836 | D:2      | Noticed Natasha
  1850 | D:2      | Killed Natasha
  2021 | D:2      | Noticed Natasha
  2028 | D:2      | Killed Natasha
  2029 | D:2      | Reached skill level 6 in Summonings
  2029 | D:2      | Reached XP level 4. HP: 30/30 MP: 3/8
  2061 | D:2      | Noticed Natasha
  2070 | D:2      | Killed Natasha
  2071 | D:2      | Reached skill level 1 in Ice Magic
  3613 | D:3      | Reached XP level 5. HP: 35/35 MP: 5/10
  4498 | D:3      | Found a shimmering altar of Xom.
  4967 | D:4      | Found an iron altar of Okawaru.
  5377 | D:4      | Found a shadowy altar of Dithmenos.
  5839 | D:4      | Noticed Eustachio
  6346 | D:4      | Reached XP level 6. HP: 41/41 MP: 6/12
  6870 | D:5      | Entered Level 5 of the Dungeon
  6915 | D:4      | Reached skill level 7 in Summonings
  7512 | D:5      | Noticed Sigmund
  7550 | D:5      | Killed Sigmund
  7551 | D:5      | Reached skill level 5 in Spellcasting
  7797 | D:5      | Found a staircase to the Ecumenical Temple.
  7821 | Temple   | Entered the Ecumenical Temple
  8145 | D:5      | Noticed a water moccasin
  8162 | D:5      | Reached XP level 7. HP: 46/46 MP: 7/14
  8782 | D:5      | Reached skill level 8 in Summonings
  9488 | D:6      | Found a runed translucent gate.
  9488 | D:6      | Found a runed translucent gate.
  9488 | D:6      | Found a runed translucent gate.
  9489 | D:6      | Noticed flestrin's ghost (novice GnWz)
  9725 | D:6      | Found a sparkling altar of Nemelex Xobeh.
  9748 | D:6      | Reached skill level 9 in Summonings
  9748 | D:6      | Reached XP level 8. HP: 47/52 MP: 17/17
  9936 | D:6      | Noticed a deep elf pyromancer
  9984 | D:7      | Found a radiant altar of Vehumet.
 10294 | D:7      | You fall into a shaft and drop 1 floor!
 10754 | D:7      | Noticed a wyvern
 10769 | D:7      | Killed a wyvern
 11429 | D:7      | Reached skill level 1 in Fighting
 11965 | D:8      | Noticed a yak
 11965 | D:8      | Noticed a yak
 12324 | D:8      | Noticed a yak
 12328 | D:8      | Noticed a yak
 12354 | D:8      | Killed a yak
 12355 | D:8      | Reached skill level 10 in Summonings
 12367 | D:8      | Killed a yak
 12437 | D:8      | Found Rizuil's Distillery.
 12642 | D:8      | Killed a yak
 12652 | D:8      | Killed a yak
 12653 | D:8      | Reached XP level 9. HP: 57/59 MP: 20/20
 13396 | D:9      | Found a transporter.
 13401 | D:9      | Noticed a cyclops
 13491 | D:9      | Killed a cyclops
 13622 | D:9      | Found a broken altar of Ashenzari.
 13894 | D:9      | Identified the +10 dagger of Viniush {vorpal, +Blink rN+
                  | Int-4}
 13944 | D:9      | Found a basalt altar of Yredelemnul.
 13944 | D:9      | Found an ornate altar of the Wu Jian Council.
 13994 | D:8      | Reached skill level 11 in Summonings
 14435 | D:9      | Found a viscous altar of Jiyva.
 14445 | D:9      | Found an ancient bone altar of Kikubaaqudgha.
 14548 | D:9      | Noticed a hornet
 14580 | D:9      | HP: 1/59 [spore (25)]
 14580 | D:9      | Killed a hornet
 14851 | D:9      | Found a transporter.
 15026 | D:9      | HP: 2/59 [orc wizard (7)]
 15028 | D:9      | Succumbed to an orc wizard's poison

Illustrated notes

Levels and vault maps discovered:
D:1:      dpeg_arrival_tiny_d, layout_basic,
          hellmonk_ecumenical_altar_pennies_from_heaven
D:2:      minmay_angry_zag, layout_basic, uniq_natasha
D:3:      layout_basic, old_standard_altar
D:4:      minmay_goblin_kobold_castle, layout_cave_pools,
          mainiacjoe_overflow_boulevard, old_standard_altar,
          serial_column_ruins, column_ruins_open_tiny, column_ruins_open_tiny,
          column_ruins_columns_corner, column_ruins_columns_straight,
          column_ruins_open_tiny, minivault_26, grunt_ministairs_3,
          kennysheep_generic_room_13, uniq_eustachio
D:5:      layout_loops_ring, minmay_temple_entry_junction, minmay_crystal_room,
          uniq_sigmund
D:6:      layout_cave_pools, lemuel_round_altar, ebering_ghost_rock_garden,
          minmay_holes, st_stairs_13, guppyfry_early_elven_hall
D:7:      layout_basic, lemuel_doored_altar
D:8:      layout_layer_cave, serial_shops,
          nicolae_shop_temple_entry_statues_fountains,
          kennysheep_generic_room_12
D:9:      gammafunk_jiyva_shrine, layout_loops_ring, ashenzari_altar_1,
          mainiacjoe_overflow_divided_tiny, nicolae_overflow_crystal_walls
Temple:   minmay_temple_bridge_abc

Skill      XL: |  1  2  3  4  5  6  7  8  9 |
---------------+----------------------------+-----
Summonings     | 5 6 7 9 10 11 | 11.3
Spellcasting   | 3 4 5 6 7 8 |  8.6
Ice Magic      | 1 2 3 4 |  4.3
Fighting       | 1 |  1.3
Short Blades   | |  0.1
Dodging        | |  2.4
Stealth        | |  1.7
Evocations     | |  0.1

Action                   |  1- 3 |  4- 6 |  7- 9 || total
-------------------------+-------+-------+-------++-------
Melee: Unarmed           |    17 |     2 |       ||    19
       Staff             |       |    11 |    37 ||    48
       Dagger            |       |       |    18 ||    18
 Cast: Summon Small Mamm |    75 |   125 |   155 ||   355
       Call Canine Famil |     2 |    51 |    72 ||   125
       Ozocubu's Armour  |       |     1 |     4 ||     5
 Abil: Hop               |     1 |     1 |     5 ||     7
Evoke: Wand              |       |     5 |     5 ||    10
  Use: Potion            |       |     4 |     6 ||    10
       Scroll            |       |       |     5 ||     5
 Stab: Distracted        |     1 |       |     3 ||     4
Armor: Robe              |    10 |    13 |    11 ||    34
       Skin              |       |     1 |     1 ||     2
Dodge: Dodged            |    35 |   118 |    99 ||   252
